 Dungeon Crawl Stone Soup version 0.27-a0-334-g52645efa06 (webtiles) character file.

Game seed: 7352364208636581934

12103 wakim the Martial Artist (level 11, 0/86 HPs)
             Began as an Octopode Venom Mage on Feb 13, 2021.
             Was an Initiate of Gozag.
             Slain by a freezing wraith (13 damage)
             ... on level 9 of the Dungeon.
             The game lasted 00:45:04 (13435 turns).

wakim the Martial Artist (Octopode Venom Mage)     Turns: 13435, Time: 00:45:04

Health: 0/86       AC:  6    Str:  7    XL:     11   Next: 88%
Magic:  16/18      EV: 16    Int: 20    God:    Gozag
Gold:   1326       SH:  0    Dex: 20    Spells: 3/20 levels left

rFire    + . .     SeeInvis .     - Unarmed
rCold    + + +     Faith    .   (shield currently unavailable)
rNeg     . . .     Spirit   .   (helmet currently unavailable)
rPois    +         Reflect  .   w - amulet of regeneration
rElec    .         Harm     .   j - +6 ring of dexterity
rCorr    .         Rampage  .   H - ring of protection from fire
Will     .....                  M - ring of protection from fire
Stlth    +++.......             (no ring)
HPRegen  0.64/turn              (no ring)
MPRegen  0.16/turn              (no ring)
                                (no ring)
                                (no ring)

@: about to teleport, ice-form, slowed, very slow
A: large, almost no armour, stealthy swim, amphibious, 8 rings, (constrict 8)
a: End Transformation, Renounce Religion, Potion Petition, Call Merchant, Bribe
Branch


You were on level 9 of the Dungeon.
You worshipped Gozag.
Gozag was most pleased with you.
You were a creature of crystalline ice.
You visited 2 branches of the dungeon, and saw 11 of its levels.
You also visited: Ossuary.

You collected 1702 gold pieces.
You spent 300 gold pieces at shops.
You paid 76 gold pieces to Gozag.

Inventory:

Missiles
 r - a throwing net
 v - 9 boomerangs
Armour
 p - a +0 kite shield
Magical Staves
 I - a staff of poison (melded)
Jewellery
 j - a +6 ring of dexterity (left front paw)
 w - an amulet of regeneration (around neck)
 H - a ring of protection from fire (right front paw)
 J - an amulet of guardian spirit
 M - a ring of protection from fire (on tentacle)
Wands
 k - a wand of acid (7)
 x - a wand of paralysis (8)
 G - a wand of flame (24)
 K - a wand of polymorph (4)
 L - a wand of iceblast (10)
Scrolls
 a - 2 scrolls of enchant weapon
 b - 2 scrolls of immolation {unknown}
 c - a scroll of magic mapping
 g - 4 scrolls of teleportation
 l - 11 scrolls of identify {unknown}
 n - 2 scrolls of noise {unknown}
 q - 3 scrolls of blinking {unknown}
 s - 2 scrolls of enchant armour {unknown}
 u - 6 scrolls of fog {unknown}
 y - a scroll of random uselessness {unknown}
 D - a scroll of amnesia {unknown}
 E - a scroll of brand weapon {unknown}
 F - a scroll of holy word {unknown}
Potions
 d - 5 potions of brilliance {unknown}
 e - 5 potions of lignification {unknown}
 f - a potion of cancellation {unknown}
 h - 2 potions of haste {unknown}
 i - 4 potions of heal wounds {unknown}
 m - a potion of flight {unknown}
 o - 4 potions of might {unknown}
 t - 2 potions of degeneration {unknown}
 z - a potion of resistance {unknown}
 A - 3 potions of curing
 B - 2 potions of mutation {unknown}
 C - a potion of attraction {unknown}


   Skills:
 - Level 6.0 Fighting
 * Level 8.0 Dodging
 - Level 6.0 Stealth
 - Level 5.0 Shields
 * Level 9.1 Unarmed Combat
 - Level 5.0 Spellcasting
 + Level 7.3 Transmutations
 - Level 2.0 Fire Magic
 + Level 1.5 Ice Magic
 - Level 2.0 Air Magic
 - Level 8.0 Poison Magic


You had 3 spell levels left.
You knew the following spells:

 Your Spells              Type           Power        Failure   Level
a - Sting                 Tmut/Pois      100%         1%          1
b - Spider Form           Tmut/Pois      17%          1%          3
c - Olgreb's Toxic Radia  Pois           37%          4%          4
d - Ignite Poison         Fire/Tmut/Pois 28%          3%          3
e - Poisonous Vapours     Pois/Air       50%          2%          2
f - Ice Form              Ice/Tmut       22%          19%         4

Your spell library contained the following spells:

 Spells                   Type           Power        Failure   Level
 Beastly Appendage        Tmut           68%          1%          1
 Wereblood                Tmut           34%          1%          2
 Passwall                 Tmut/Erth      15%          3%          2
 Mephitic Cloud           Conj/Pois/Air  18%          9%          3
 Sandblast                Erth           10%          12%         1
 Stone Arrow              Conj/Erth      10%          34%         3
 Blade Hands              Tmut           17%          16%         5
 Petrify                  Tmut/Erth      19%          26%         4
 Lee's Rapid Deconstruct  Erth           2%           97%         5


Dungeon Overview and Level Annotations

Branches:
Dungeon (10/15)            Temple (1/1) D:6            Lair (0/6) D:10
    Orc (0/2) D:9         Ossuary (visited)

Altars:
Ashenzari
Cheibriados
Dithmenos
Elyvilon
Fedhas
Gozag
Hepliaklqana
Kikubaaqudgha
Makhleb
Nemelex Xobeh
Okawaru
Qazlal
Ru
Sif Muna
Trog
Uskayaw
Vehumet
Wu Jian
Xom
Yredelemnul
Zin
The Shining One
Jiyva

Shops:
D:4 :   D:5 (

Annotations:
D:7 Maggie


Innate Abilities, Weirdness & Mutations

You cannot wear most types of armour.
You are very stealthy in the water. (Stealth+)
You are amphibious.
You can wear up to eight rings at the same time.
((You can use your tentacles to constrict eight enemies at once.))
((Your skin changes colour to match your surroundings (Stealth+).))
((Your rubbery body absorbs attacks. (AC +1, EV +1)))


Message History

Your staff of poison melds into your body.
The freezing wraith hits you! The freezing wraith freezes you. You resist.
The freezing wraith closely misses you.
You hit the freezing wraith but do no damage.
You hit the freezing wraith but do no damage.
The freezing wraith closely misses you. x2
You hit the freezing wraith.
The freezing wraith is lightly damaged.
The freezing wraith hits you! The freezing wraith freezes you. You resist.
The freezing wraith misses you.
You hit the freezing wraith but do no damage.
The freezing wraith is lightly damaged.
The freezing wraith misses you. The freezing wraith hits you.
The freezing wraith drains your vigour!
You feel yourself slow down.
You hit the freezing wraith but do no damage.
The freezing wraith is lightly damaged.
The freezing wraith hits you. The freezing wraith freezes you. You resist.
The freezing wraith hits you!
* * * LOW HITPOINT WARNING * * *
The freezing wraith drains your vigour!
You feel as though you will be slow longer.
The freezing wraith hits you but does no damage.
The freezing wraith completely misses you.
The freezing wraith barely misses you. The freezing wraith hits you.
* * * LOW HITPOINT WARNING * * *
The freezing wraith hits you.
* * * LOW HITPOINT WARNING * * *
The freezing wraith freezes you. You resist.
* * * LOW HITPOINT WARNING * * *
The freezing wraith barely misses you. The freezing wraith closely misses you.
The freezing wraith barely misses you. The freezing wraith hits you!
* * * LOW HITPOINT WARNING * * *
The freezing wraith freezes you. You resist.
* * * LOW HITPOINT WARNING * * *
The freezing wraith hits you but does no damage.
As you read the scroll of teleportation, it crumbles to dust.
You feel strangely unstable. The freezing wraith hits you!
You die...
Your body crumbles into a pile of gold.

..## #......####.................
..## #....#..##...............###
...###....#.....................)
...#.<........#..................
...()#......#............##......
...........##.##.........##....##
.........#.##.##...............##
..#.##...#..#.##.................
.##(##...##.#.##Y.####..........#
###<######....##W## #..####....#
#[# #..####9# #..#####.... #.#
#..# #.#####.....##...# #.#
#..####.##....###..#...# #.#
####....#..##.#### ##.#...#
#.###..........##..# #.#####
#.##....#####......# #..##
#.##..###....^.....# ##..###


You could see a freezing wraith and a gargoyle.

Vanquished Creatures
  A two-headed ogre (D:9)
  Erica (D:8)
  8 death yaks
  A gargoyle (D:10)
  Prince Ribbit (D:7)
  A wraith (D:10)
  4 yaks (D:9)
  Grum (D:8)
  A soldier ant (D:8)
  A warg (D:9)
  Duvessa (D:7)
  A hornet zombie (D:8)
  An ice beast (D:9)
  A sky beast (D:8)
  A black bear (D:9)
  5 orc warriors
  6 ogres
  3 wolves (D:8)
  3 centaurs
  2 phantoms (D:9)
  An elf zombie (Ossuary)
  5 bullfrogs
  A gnoll sergeant (D:7)
  Dowan (D:7)
  A scorpion (D:4)
  4 killer bees
  A howler monkey (D:10)
  A bullfrog zombie (D:5)
  5 centaur zombies
  3 hounds
  8 orc priests
  Crazy Yiuf (D:7)
  3 bullfrog skeletons
  An iguana (D:5)
  7 orc wizards
  10 worker ants
  2 ogre zombies (Ossuary)
  2 hound skeletons
  7 mummies (Ossuary)
  A worker ant zombie (D:5)
  5 gnolls (D:7)
  4 adders
  3 white imps
  2 adder zombies (Ossuary)
  3 adder skeletons
  2 worms
  A dart slug (D:1)
  5 leopard geckos
  46 orcs
  9 bats
  6 giant cockroaches
  10 goblins
  7 hobgoblins
  2 jackals (D:3)
  5 kobolds
  3 quokkas
  A ball python (D:4)
  10 frilled lizards
  4 goblin zombies (Ossuary)
  4 hobgoblin zombies (Ossuary)
  A jackal skeleton (D:7)
  A jackal zombie (D:6)
  5 kobold zombies (Ossuary)
  A leopard gecko skeleton (D:4)
  A quokka skeleton (D:4)
  4 quokka zombies (Ossuary)
  8 rats
  5 rat zombies (Ossuary)
267 creatures vanquished.

Vanquished Creatures (others)
  An iguana (D:10)
  2 fungi (D:7)
3 creatures vanquished.

Grand Total: 270 creatures vanquished

Notes
Turn   | Place    | Note
-------+----------+-------------------------------------------
     0 | D:1      | wakim the Octopode Venom Mage began the quest for the Orb.
     0 | D:1      | Reached XP level 1. HP: 11/11 MP: 3/3
   413 | D:1      | Reached XP level 2. HP: 17/17 MP: 5/5
   416 | D:1      | Learned a level 2 spell: Poisonous Vapours
  1185 | D:1      | Reached XP level 3. HP: 18/21 MP: 1/6
  1807 | D:2      | Reached skill level 5 in Poison Magic
  1991 | D:2      | Found a faded altar of an unknown god.
  2001 | D:2      | Reached XP level 4. HP: 27/27 MP: 0/8
  2073 | D:2      | Learned a level 4 spell: Olgreb's Toxic Radiance
  3281 | D:3      | Found a white marble altar of Elyvilon.
  3392 | D:4      | Reached XP level 5. HP: 31/31 MP: 2/10
  3400 | D:4      | Learned a level 3 spell: Ignite Poison
  3722 | D:4      | Reached skill level 1 in Unarmed Combat
  4162 | D:4      | Noticed an ogre
  4165 | D:4      | Killed an ogre
  4166 | D:4      | Reached skill level 1 in Fighting
  4166 | D:4      | Reached skill level 2 in Unarmed Combat
  4166 | D:4      | Reached XP level 6. HP: 29/38 MP: 0/11
  4917 | D:4      | Reached skill level 1 in Shields
  4917 | D:4      | Found a shimmering blue altar of Sif Muna.
  4923 | D:4      | Identified Sif Muna's Disquisition on Stones and Moulding
  4949 | D:4      | Found a bloodstained altar of Trog.
  4949 | D:4      | Noticed an orc warrior
  4957 | D:4      | Killed an orc warrior
  4958 | D:4      | Reached skill level 3 in Unarmed Combat
  4958 | D:4      | Reached XP level 7. HP: 40/45 MP: 1/13
  5202 | D:4      | Found Paalatti's Book Shop.
  5478 | D:5      | Entered Level 5 of the Dungeon
  5735 | D:5      | Reached skill level 4 in Unarmed Combat
  5749 | D:5      | Found Zenaut's Weapon Shop.
  5782 | D:5      | Reached XP level 8. HP: 51/51 MP: 12/14
  5985 | D:5      | Found a radiant altar of Vehumet.
  6530 | D:6      | Found a staircase to the Ecumenical Temple.
  6589 | Temple   | Entered the Ecumenical Temple
  6709 | Temple   | Became a worshipper of Gozag Ym Sagoz the Greedy
  7154 | D:7      | Found a shadowy altar of Dithmenos.
  7226 | D:7      | Reached skill level 5 in Unarmed Combat
  7308 | D:7      | Noticed Duvessa
  7326 | D:7      | Killed Duvessa
  7347 | D:7      | Noticed Dowan
  7384 | D:7      | Noticed Maggie
  7626 | D:7      | Killed Dowan
  7627 | D:7      | Reached XP level 9. HP: 58/58 MP: 7/15
  7760 | D:7      | Reached skill level 5 in Shields
  7779 | D:7      | Found a basalt altar of Yredelemnul.
  7786 | D:7      | Found a snail-covered altar of Cheibriados.
  7791 | D:7      | Found a broken altar of Ashenzari.
  7798 | D:7      | Found a hazy altar of Hepliaklqana.
  7803 | D:7      | Found an ornate altar of the Wu Jian Council.
  7810 | D:7      | Found an iron altar of Okawaru.
  7815 | D:7      | Found a hide-covered altar of Uskayaw.
  7931 | D:7      | Found a runed translucent door.
  7932 | D:7      | Noticed Crazy Yiuf
  8008 | D:7      | Killed Crazy Yiuf
  8009 | D:7      | Reached skill level 6 in Unarmed Combat
  8119 | D:7      | Noticed Prince Ribbit
  8124 | D:7      | Killed Prince Ribbit
  8309 | D:4      | Bought a book of Changes for 300 gold pieces
  8313 | D:4      | Learned a level 3 spell: Spider Form
  8590 | D:8      | Reached skill level 1 in Air Magic
  8605 | D:8      | Reached skill level 1 in Fire Magic
  8659 | D:8      | Found a sand-covered staircase.
  8666 | Ossuary  | Entered an ossuary
  8680 | Ossuary  | Reached skill level 5 in Dodging
  9195 | Ossuary  | Reached skill level 5 in Fighting
  9326 | D:8      | Found a sparkling altar of Nemelex Xobeh.
  9556 | D:8      | Noticed Grum
  9570 | D:8      | Killed Grum
  9839 | D:8      | Reached XP level 10. HP: 66/66 MP: 8/16
 10173 | D:8      | Noticed Erica
 10182 | D:8      | Killed Erica
 10560 | D:9      | Noticed a gargoyle
 10716 | D:9      | Reached skill level 5 in Spellcasting
 10847 | D:9      | Reached skill level 5 in Transmutations
 11543 | D:9      | Reached skill level 7 in Unarmed Combat
 11720 | D:9      | Found a staircase to the Orcish Mines.
 12245 | D:10     | Entered Level 10 of the Dungeon
 12245 | D:10     | Found a staircase to the Lair.
 12245 | D:10     | Noticed a death yak
 12245 | D:10     | Noticed a death yak
 12245 | D:10     | Noticed a two-headed ogre
 12246 | D:10     | Noticed a death yak
 12246 | D:10     | Noticed a death yak
 12247 | D:10     | Noticed a death yak
 12247 | D:10     | Noticed a death yak
 12247 | D:10     | Noticed a death yak
 12249 | D:10     | Killed a death yak
 12249 | D:10     | Killed a death yak
 12249 | D:10     | Noticed a death yak
 12250 | D:10     | Reached XP level 11. HP: 72/72 MP: 6/18
 12251 | D:10     | Killed a death yak
 12252 | D:10     | Reached skill level 8 in Unarmed Combat
 12263 | D:9      | Killed a death yak
 12378 | D:9      | Killed a two-headed ogre
 12407 | D:8      | Killed a death yak
 12408 | D:8      | Reached skill level 5 in Stealth
 12497 | D:9      | Killed a death yak
 12788 | D:10     | Killed a death yak
 12812 | D:10     | Killed a death yak
 12813 | D:10     | Reached skill level 9 in Unarmed Combat
 12813 | D:10     | Reached skill level 1 in Ice Magic
 13391 | D:9      | Learned a level 4 spell: Ice Form
 13435 | D:9      | Slain by a freezing wraith

Illustrated notes

Levels and vault maps discovered:
D:1:      dpeg_arrival_morbid_curiosity, layout_rooms, minmay_misc_feat_doors,
          minmay_fountain_box, st_stairs_13, serial_bayou_pond_c,
          dk_noncrumbling_2, grunt_decor_resistance
D:2:      layout_rooms, chequers_ecumenical_altar_twisty
D:3:      layout_basic, overflow_temple_1_default
D:4:      layout_rooms, nzn_overflow_gifts_of_might_and_magic, serial_shops,
          shop
D:5:      layout_rooms, fiery_altar_vehumet, serial_shops, shop
D:6:      layout_basic, temple_hall
D:7:      layout_cave_pools, kennysheep_little_box,
          grunt_temple_overflow_octagram, uniq_prince_ribbit1, uniq_duvessa,
          uniq_crazy_yiuf_cottage, uniq_maggie
D:8:      layout_basic, lemuel_doored_altar, chequers_ossuary_entry_cave,
          minmay_between, uniq_grum, uniq_erica
D:9:      layout_rooms, erik_orc_4, minmay_radiant
D:10:     layout_basic, dpeg_lair_monsters, st_stairs_1, lemuel_flamethrower_2
Temple:   pf_slime_end_temple

Skill      XL: |  1  2  3  4  5  6  7  8  9 10 11 |
---------------+----------------------------------+-----
Poison Magic   | 4 5 6 7 8 |  8.0
Spellcasting   | 3 4 5 |  5.0
Unarmed Combat | 2 3 4 5 6 7 9 |  9.1
Fighting       | 1 2 3 5 6 |  6.0
Shields        | 1 3 4 5 |  5.0
Dodging        | 3 4 5 6 8 |  8.0
Transmutations | 3 6 7 |  7.3
Air Magic      | 2 |  2.0
Fire Magic     | 2 |  2.0
Stealth        | 3 6 |  6.0
Ice Magic      | 1 |  1.5

Action                   |  1- 3 |  4- 6 |  7- 9 | 10-12 || total
-------------------------+-------+-------+-------+-------++-------
Melee: Unarmed           |    36 |    34 |   262 |   150 ||   482
       Constrict         |    12 |    13 |    48 |     5 ||    78
       Tentacles         |     8 |    12 |    44 |     3 ||    67
       Punch             |       |     1 |    10 |     1 ||    12
       Staff             |       |       |       |    13 ||    13
 Cast: Sting             |     6 |       |       |       ||     6
       Poisonous Vapours |    32 |    35 |    11 |       ||    78
       Olgreb's Toxic Ra |       |     6 |    35 |    33 ||    74
       Ignite Poison     |       |     4 |    21 |    20 ||    45
       Spider Form       |       |       |    11 |    18 ||    29
       Ice Form          |       |       |       |     1 ||     1
  Use: Scroll            |       |       |     2 |     2 ||     4
 Stab: Sleeping          |     1 |     2 |    25 |       ||    28
       Distracted        |       |       |     1 |     1 ||     2
Armor: Skin              |     4 |     2 |     5 |     7 ||    18
Dodge: Dodged            |    28 |    35 |   178 |   175 ||   416

Table legend: (Time is in decaauts)
 A = Elapsed time spent in this place.
 B = Non-inter-level travel time spent in this place.
 C = Inter-level travel time spent in this place.
 D = Time resting spent in this place.
 E = Time spent auto-exploring this place.
 F = Levels seen in this place.
 G = Mean time per level.
                   A        B        C        D        E       F      G
               +--------+--------+--------+--------+--------+-----+--------+
         Total |  13422 |  12536 |    886 |   5143 |   4641 |  12 | 1118.5 |
       Dungeon |  12667 |  11793 |    874 |   5073 |   4307 |  10 | 1266.7 |
        Temple |    142 |    130 |     12 |      0 |    126 |   1 |  142.0 |
       Ossuary |    612 |    612 |      0 |     70 |    208 |   1 |  612.0 |
               +--------+--------+--------+--------+--------+-----+--------+

Top non-repeatable levels by time:
     D:8: 2237 daAuts
     D:3: 2160 daAuts
     D:9: 1677 daAuts
     D:1: 1623 daAuts
     D:7: 1037 daAuts
     D:6: 986 daAuts
     D:4: 966 daAuts
     D:2: 845 daAuts
     D:5: 647 daAuts
 Ossuary: 612 daAuts
    D:10: 486 daAuts
  Temple: 142 daAuts
